[Event "*** Titled Tuesday Blitz"]
[Site "Chess.com"]
[Date "2021.02.16"]
[Round "5"]
[White "Kiborg95"]
[Black "TigrVShlyape"]
[Result "1-0"]
[WhiteElo "2752"]
[BlackElo "2906"]
[TimeControl "180+1"]
[EndTime "10:59:53 PST"]
[Termination "Kiborg95 won on time"]

1. e4 e5 2. Nf3 Nc6 3. Bc4 Nf6 4. d3 h6 5. c3 d6 6. Nbd2 g6 7. O-O Bg7 8. Bb3 O-O 9. Re1 Bd7 10. d4 Qe8 11. Nf1 Nh5 12. dxe5 dxe5 13. Nh4 Kh7 14. Nf5 gxf5 15. Qxh5 fxe4 16. g4 f5 17. Qxe8 Raxe8 18. gxf5 Ne7 19. Bc2 Bxf5 20. Ng3 Bg6 21. Bxe4 Bxe4 22.
Rxe4 Nd5 23. Be3 Nxe3 24. Rxe3 Rd8 25. Rae1 Rf7 26. Kg2 Kg6 27. R1e2 h5 28. Ne4 h4 29.
h3 b6 30. Nd2 Bh6 31. Nc4 Kh7 32. Re4 Rg8+ 33. Rg4 Rxg4+ 34. hxg4 Rf4 35. Nxe5 Bg7 36. f3 c5 37. Nd3 Rf7 38. Nf2 Rd7 39. Nh3 Kg6 40.
f4 Bf6 41. g5 Bg7 42. Kf3 Kf5 43. Nf2 c4 44. Re4 b5 45. a4 a6 46. axb5 axb5 47. Re8 Rd2 48. Re7 Kg6 49. f5+ Kxf5 50. Rxg7 Rxb2 51.
Ne4 b4 52. Rf7+ Kg6 53. Rf6+ Kg7 54. cxb4 Rxb4 55. Rh6 Rb3+ 56. Kg4 c3 57. Rc6 Rb4 58. Kf5 Rb5+ 59. Kf4 h3 60. Rxc3 h2 61. Rh3 Rb2 62.
Ng3 Kg6 63. Rh6+ Kf7 64. Nf5 Rf2+ 65. Kg4 Rg2+ 66. Ng3 Kg7 67. Kf3 Rb2 68. Nf5+ Kf7 69. Ne3 Kg7 70. Ng4 Rb5 71. Kf4 Rb4+ 72. Kf5 Rb5+ 73.
Ne5 Rb2 74. Nf3 Rf2 75. Kg4 Rg2+ 76. Kf4 Rb2 77. Rxh2 Rb4+ 78. Kf5 Rb2 79. Rxb2 1-0

[Event "*** Titled Tuesday Blitz"]
[Site "Chess.com"]
[Date "2021.02.16"]
[Round "5"]
[White "exoticprincess"]
[Black "seorobert1971"]
[Result "0-1"]
[WhiteElo "2902"]
[BlackElo "2732"]
[TimeControl "180+1"]
[EndTime "10:59:54 PST"]
[Termination "seorobert1971 won by resignation"]

1. d4 Nf6 2. Nc3 d5 3. Bf4 a6 4. e3 e6 5. a3 c5 6. Nf3 Nc6 7. h3 Bd6 8. dxc5 Bxc5 9. Bd3 Qe7 10. O-O h6 11. e4 d4 12. Ne2 e5 13. Bd2 O-O 14. Ng3 Be6 15. Re1 Rac8 16. Nf5 Bxf5 17.
exf5 Rfe8 18. Re4 Qd7 19. Qe2 Qxf5 20. Re1 Nxe4 21. Bxe4 Qf6 22. g4 Qe6 23. Bf5 Qf6 24. Qd3 Rcd8 25. g5 hxg5 26. Bxg5 Qd6 27. Re4 Ne7 28.
Rxe5 Nxf5 29. Rxf5 Rc8 30. h4 a5 31. h5 b6 32. Bf4 Qd7 33. Ng5 f6 34. Nf3 Qe6 35.
h6 Qe4 36. Kg2 Qxd3 37. cxd3 Re2 38. b4 axb4 39. axb4 Bxb4 40. Nxd4 Re7 41. Rb5 Bc5 42. Nf5 Rd7 43. hxg7 Rxd3 44. Bh6 Kh7 45. Rb1 Rd5 46.
Ne3 Rh5 47. Bf4 Kxg7 48. Rd1 Rh7 49. Kf3 Kf7 50. Nf5 Kg6 51. Ng3 Re7 52. Rg1 Rce8 53.
Bd6 Re6 54. Bxc5 bxc5 55. Ne4+ Kf5 56. Nxc5 Re1 57. Rg7 Rc1 58. Nb7 Rc3+ 59. Kg2 Re2 60. Nd6+ Ke6 61. Ne8 Rcc2 62. Kg3 Rxf2 63. Ra7 Rg2+ 64.
Kf3 Rgf2+ 65. Kg3 Kf5 66. Nd6+ Kg6 67. Ne4 Rg2+ 68. Kf3 Rh2 69. Ra6 Rh3+ 70. Kg4 Re3 71. Nxf6 Rc4+ 72. Ne4+ Kg7 73. Ra7+ Kf8 74. Ra8+ Ke7 75.
Ra7+ Kd8 76. Ra6 Rcxe4+ 77. Kf5 Kc7 0-1

[Event "*** Titled Tuesday Blitz"]
[Site "Chess.com"]
[Date "2021.02.16"]
[Round "5"]
[White "nrvisakh"]
[Black "Eltaj_Safarli"]
[Result "1-0"]
[WhiteElo "2793"]
[BlackElo "2912"]
[TimeControl "180+1"]
[EndTime "10:59:55 PST"]
[Termination "nrvisakh won by resignation"]

1. c4 c5 2. Nc3 Nf6 3. Nf3 e6 4. e3 d5 5. cxd5 exd5 6. d4 a6 7. Bd3 Nc6 8. O-O Bg4 9. dxc5 Bxc5 10. h3 Bh5 11. Be2 O-O 12. Nd4 Bxd4 13. exd4 Bxe2 14.
Nxe2 Re8 15. Bg5 h6 16. Bxf6 Qxf6 17. Qd2 Re4 18. f3 Re7 19. Nc3 Rd8 20. Rad1 h5 21. Kh1 h4 22. Rfe1 Rxe1+ 23. Qxe1 g6 24. Qe3 Kg7 25.
Ne2 Ne7 26. Qe5 Nf5 27. Kg1 Qxe5 28. dxe5 d4 29. Kf2 b5 30. f4 b4 31. Kf3 d3 32.
Nc1 d2 33. Nb3 Rd3+ 34. Kf2 Ng3 35. Rxd2 Ne4+ 36. Ke2 Rg3 37. Rd4 f5 38. exf6+ Nxf6 39. Kf1 Re3 40. Rxb4 Ne4 41. Nd4 a5 42. Ra4 Ng3+ 43.
Kf2 Rd3 44. Nf3 Ne4+ 45. Ke2 Nc5 46. Rc4 Rd5 47. Ke3 Rd3+ 48. Ke2 Rd5 49. b3 Ne6 50. Nxh4 Kf6 51. Nf3 Nc5 52. g4 Nd3 53. h4 Nb4 54. a4 Nd3 55. Ke3 Nc5 56. Nd4 Nd7 57. g5+ Kf7 58.
Ke4 Rd6 59. Rc6 Rxc6 60. Nxc6 Nc5+ 61. Kd5 Nxb3 62. Kc4 Nd2+ 63. Kb5 Ke6 64. Kxa5 Kd7 65. Ne5+ Kc7 66. Nxg6 Nc4+ 67. Kb5 Ne3 68. h5 Nd5 69. h6 Nc3+ 70. Kc4 Ne4 71. h7 Nd6+ 72. Kd5 Nf7 73. h8=Q Nxh8 74. Nxh8 Kb6 75. g6 Ka5 1-0

[Event "*** Titled Tuesday Blitz"]
[Site "Chess.com"]
[Date "2021.02.16"]
[Round "5"]
[White "Indianlad"]
[Black "DenLaz"]
[Result "1-0"]
[WhiteElo "2931"]
[BlackElo "2793"]
[TimeControl "180+1"]
[EndTime "11:00:02 PST"]
[Termination "Indianlad won by resignation"]

1. d4 d5 2. c4 c6 3. Nf3 Nf6 4. Nc3 dxc4 5. a4 Bf5 6. Nh4 e6 7. Nxf5 exf5 8. e3 Bb4 9. Bxc4 O-O 10. Qc2 g6 11. O-O Nbd7 12. Rd1 a5 13. f3 Nb6 14. Bb3 Qe7 15. e4 fxe4 16. Nxe4 Nfd5 17.
Bh6 Rfe8 18. Bg5 Qd7 19. Qf2 Bf8 20. Re1 Bg7 21. Rad1 Qc7 22. h4 h6 23. Bc1 Rad8 24. h5 g5 25. Ng3 Qd7 26. Rxe8+ Rxe8 27. Bc2 Nb4 28. Be4 N6d5 29. Nf5 Qc7 30. Re1 Rd8 31. Bb1 Bf8 32. Qe2 Nf6 33. f4 g4 34. Qe5 Qxe5 35.
fxe5 Nxh5 36. e6 fxe6 37. Rxe6 Kf7 38. Re4 Nf6 39. Rf4 Nbd5 40. Rf1 h5 41. Bg5 Re8 42.
Ba2 Kg6 43. Bh4 Re2 44. Bb1 Kf7 45. Ba2 Kg6 46. Bxf6 Nxf6 47. Nh4+ Kg7 48. Nf5+ Kh8 49. Ng3 Rxb2 50. Rxf6 Bg7 51. Rd6 Rxa2 52. Nxh5 Bf8 53. Rd7 g3 54. Nxg3 Kg8 55. Nh5 Bb4 56. Rxb7 Rxa4 57.
Kf2 Bc3 58. Kf3 Bxd4 59. g4 Rb4 60. Rc7 a4 61. Rxc6 a3 62. Ra6 Bb2 63. g5 Kf8 64. g6 Rb3+ 65. Ke4 Rb4+ 66. Kf3 Rb3+ 67. Kg4 Rb4+ 68.
Kh3 Rb3+ 69. Kg2 Rb5 70. Ng3 Rg5 71. Kf3 Rb5 72. Kg4 Ke7 73. Nf5+ Kd7 74. Ra7+ Kc8 75.
g7 Bxg7 76. Nd6+ Kb8 77. Nxb5 Bb2 78. Ra4 Kb7 79. Nxa3 Kb6 80. Rb4+ Kc5 81. Rxb2 1-0

[Event "*** Titled Tuesday Blitz"]
[Site "Chess.com"]
[Date "2021.02.16"]
[Round "5"]
[White "Zq1"]
[Black "Nemsko"]
[Result "1-0"]
[WhiteElo "2514"]
[BlackElo "2337"]
[TimeControl "180+1"]
[EndTime "11:00:02 PST"]
[Termination "Zq1 won by checkmate"]

1. d4 Nf6 2. c4 e6 3. Nc3 d5 4. Nf3 Bb4 5. cxd5 exd5 6. Bg5 h6 7. Bxf6 Qxf6 8. e3 c6 9. Be2 O-O 10. O-O Bf5 11. a3 Bd6 12. b4 Nd7 13. b5 Rac8 14. bxc6 bxc6 15. h3 Nb6 16. Bd3 Be6 17. e4 Qe7 18. e5 Bxa3 19. Ne2 a5 20. Nf4 Bb4 21. Bc2 g6 22. g4 Nc4 23. Qd3 Kh8 24. Kg2 Rg8 25. Kg3 Nb2 26. Qb3 Nc4 27. Qd3 Nb2 28. Qe3 c5 29. Nxd5 Qf8 30. Nf6 cxd4 31.
Qc1 Nd3 32. Bxd3 Rxc1 33. Rfxc1 Rg7 34. Rc7 Be7 35. h4 Bxf6 36. Rac1 Be7 37. g5 Rg8 38. gxh6 Bb4 39. Ng5 Qxh6 40. Rxf7 Rg7 41. Rf6 Rg8 42. Rc7 Bd2 43. Nxe6 Qh7 44. Rxh7+ Kxh7 45. Ng5+ Bxg5 46. hxg5 Rb8 47. Ra6 Kg8 48. f3 Kf7 49. Kf4 Rb3 50. Ke4 Rb1 51. Rxa5 Re1+ 52. Kd5 Re3 53. Ra7+ Kf8 54. e6 Rxd3 55. Kd6 Re3 56. e7+ Kf7 57. Rd7 d3 58. Kc6 Rxe7 59. Rxd3 Re6+ 60. Kd5 Re7 61. Kd4 Rd7+ 62. Ke4 Re7+ 63.
Kf4 Kg7 64. Kg4 Rf7 65. f4 Re7 66. Rd6 Re1 67. Rd7+ Kg8 68. Rd3 Kg7 69. Rg3 Re4 70.
Rf3 Ra4 71. Rd3 Ra5 72. Kf3 Rf5 73. Ke4 Rf7 74. Rd5 Re7+ 75. Re5 Ra7 76. Kd5 Ra5+ 77. Kd6 Ra6+ 78. Ke7 Ra7+ 79. Kd8 Ra8+ 80. Kd7 Ra7+ 81. Kd6 Rf7 82. Re7 Kg8 83. Rxf7 Kxf7 84. Kd7 Kf8 85.
Ke6 Kg7 86. Ke7 Kg8 87. Kf6 Kh7 88. Kf7 Kh8 89. Kxg6 Kg8 90. Kf6 Kf8 91. g6 Kg8 92. g7 Kh7 93. Kf7 Kh6 94. g8=Q Kh5 95. Qg5# 1-0

[Event "*** Titled Tuesday Blitz"]
[Site "Chess.com"]
[Date "2021.02.16"]
[Round "5"]
[White "Chopper1905"]
[Black "Fandorine"]
[Result "1/2-1/2"]
[WhiteElo "2942"]
[BlackElo "2854"]
[TimeControl "180+1"]
[EndTime "11:00:03 PST"]
[Termination "Game drawn by repetition"]

1. d4 Nf6 2. c4 g6 3. Nc3 Bg7 4.
e4 d6 5. Nf3 O-O 6. Be2 e5 7.
d5 Na6 8. Nd2 Bh6 9. Nb3 Bxc1 10. Qxc1 Kg7 11. h4 h5 12. Qe3 Bd7 13. O-O-O b6 14.
g3 Nc5 15. Nxc5 bxc5 16. f4 Ng4 17. Bxg4 Bxg4 18. Rdf1 f6 19. Nd1 Qe7 20. Nf2 exf4 21. gxf4 Rae8 22. Re1 f5 23. Qc3+ Kh7 24. e5 Qg7 25.
Rhg1 Qh6 26. Qd2 a5 27. e6 a4 28. Rg3 Qg7 29. Qc3 Qe7 30. Rh1 Rb8 31. Nh3 Bxh3 32. Rgxh3 c6 33. Qd2 Rb4 34. Rc3 Rfb8 35. Rc2 cxd5 36.
Qxd5 a3 37. b3 Qf6 38. Kd2 Re8 39. Re1 Qxh4 40. Rc3 Qxf4+ 41. Rce3 Re7 42. Kc2 Rb8 43. Rd3 Rbe8 44. Rd2 Kg7 45. Qc6 Kf6 46. Rxd6 Qf2+ 47. Kd1 Qb2 48. Qxc5 Rxe6 49. Rdxe6+ Rxe6 50. Qf8+ Kg5 51. Rxe6 Qb1+ 52. Kd2 Qxa2+ 53. Kc3 Qb2+ 54. Kb4 Qd2+ 55.
Kb5 a2 56. Qf6+ Kg4 57. Qxg6+ Kh4 58. Qf6+ Kg4 59. Qa1 Qd7+ 60. Rc6 Qb7+ 61. Rb6 Qd7+ 62. Kb4 Qd2+ 63. Ka4 h4 64. Rg6+ Kf4 65. Rg1 h3 66. Rf1+ Kg4 67. Rd1 Qf2 68. Rf1 Qa7+ 69. Kb5 Qb7+ 70.
Kc5 Qc7+ 71. Kd4 Qd6+ 72. Ke3 h2 73. Qd4+ f4+ 74. Qxf4+ Qxf4+ 75. Rxf4+ Kg3 76. Rf1 Kg2 77. Rf2+ Kg3 78. Rf1 Kg2 79. Rf2+ Kg3 80. Rf3+ Kg2 81. Rf2+ 1/2-1/2

[Event "*** Titled Tuesday Blitz"]
[Site "Chess.com"]
[Date "2021.02.16"]
[Round "5"]
[White "EdmundPlayer"]
[Black "MergenKakabaev"]
[Result "0-1"]
[WhiteElo "2178"]
[BlackElo "2370"]
[TimeControl "180+1"]
[EndTime "11:00:04 PST"]
[Termination "MergenKakabaev won on time"]

1. e4 e5 2. Nf3 Nc6 3. Bc4 Nf6 4. d3 Bc5 5. c3 d6 6. Bb3 a6 7. O-O Ba7 8. Nbd2 O-O 9. h3 Ne7 10. Re1 Ng6 11. Nf1 h6 12. Be3 Bxe3 13. fxe3 Be6 14.
Ng3 d5 15. exd5 Nxd5 16. Qe2 Qe7 17. Qf2 Rad8 18. Rad1 Kh7 19. d4 exd4 20. exd4 Qd7 21. Bc2 Kg8 22. Ne4 b6 23. Ne5 Nxe5 24. dxe5 Qe7 25. Qg3 Kh8 26. Qd3 Nf4 27. Qxa6 Ng6 28. Qe2 Nxe5 29. Kh2 Ng6 30. Rxd8 Rxd8 31. Ng3 Qg5 32.
Bxg6 Qxg6 33. Qe3 Qf6 34. a3 Qe7 35. Ne4 Qd7 36. Ng3 Qd2 37. Qxd2 Rxd2 38. Re2 Rxe2 39. Nxe2 Kg8 40. Nd4 Bd5 41. Kg3 Kf8 42. Kf2 Ke7 43.
g3 g6 44. Ke3 Kd6 45. Ne2 Ke5 46. Nf4 Be4 47. Nd3+ Bxd3 48. Kxd3 f5 49. Ke3 g5 50. b3 Kd5 51. Kf3 b5 52. Ke3 Kc5 53. Kd3 Kd5 54. Ke3 c5 55. a4 bxa4 56. bxa4 Kc6 57.
Kd3 Kb6 58. Kc4 f4 59. gxf4 gxf4 60. Kd3 Ka5 61. Ke4 Kxa4 62. Kxf4 Kb3 63. Kf5 Kxc3 64.
Kg6 c4 65. Kxh6 Kd2 66. Kg6 c3 67. h4 c2 68. h5 c1=Q 69. h6 Qc3 70. h7 Qh8 71.
Kh6 Ke3 72. Kg6 Kf4 73. Kf7 Kf5 74. Ke7 Qxh7+ 75. Kd6 Ke4 0-1

[Event "*** Titled Tuesday Blitz"]
[Site "Chess.com"]
[Date "2021.02.16"]
[Round "5"]
[White "MrTattaglia"]
[Black "Zurability"]
[Result "0-1"]
[WhiteElo "2752"]
[BlackElo "2614"]
[TimeControl "180+1"]
[EndTime "11:00:11 PST"]
[Termination "Zurability won by checkmate"]

1. Nf3 d5 2. g3 Nf6 3. Bg2 c5 4. O-O Nc6 5. d4 e6 6. c4 Be7 7. cxd5 exd5 8. Nc3 O-O 9. dxc5 Bxc5 10. Bg5 d4 11.
Bxf6 Qxf6 12. Ne4 Qe7 13. Nxc5 Qxc5 14. Rc1 Qb6 15. Qd2 Rd8 16. Ne1 Be6 17. b3 Qb4 18.
Rc2 Bf5 19. Bxc6 Qxd2 20. Rxd2 bxc6 21. Nd3 a5 22. Rc1 Rd6 23. Nc5 h5 24. f3 Rd5 25.
Kf2 Re8 26. Rc4 Red8 27. Na4 R8d6 28. h4 Kf8 29. Nc5 Ke7 30. Rd1 Rd8 31. Rdc1 Bc8 32. Na4 Bb7 33. Nc5 Bc8 34. Nd3 Bb7 35. Nf4 Rb5 36. Rc5 g6 37. Ke1 Kd6 38. Nd3 Re8 39. Kd2 Rxc5 40. Nxc5 Bc8 41. Ne4+ Kc7 42. Ng5 f6 43.
Ne4 f5 44. Nc5 Kb6 45. Nd3 Ba6 46. Nf4 c5 47. Re1 c4 48. bxc4 Bxc4 49. a3 Re3 50.
Rc1 Kb5 51. Rb1+ Kc5 52. Ra1 Rb3 53. Ke1 Rb2 54. Rc1 Kb5 55. Rd1 Kc5 56. Rd2 Rb3 57.
Nxg6 Rxa3 58. Nf4 Ra1+ 59. Kf2 a4 60. Rc2 a3 61. Ne6+ Kd5 62. Nc7+ Kc5 63. Ne6+ Kb4 64.
Nxd4 a2 65. Ke3 Rg1 66. Rb2+ Ka3 67. Rxa2+ Bxa2 68. Kf4 Bb1 69. Kg5 Rxg3+ 70. Kxh5 f4 71. Ne6 Kb4 72. Nxf4 Kc5 73. e4 Kd6 74. Ng6 Rxf3 75.
Kg4 Rf1 76. e5+ Ke6 77. Nf4+ Kxe5 78. Ne2 Bd3 79. Nc3 Rg1+ 80. Kf3 Rh1 81. Kg3 Bf5 82. Ne2 Re1 83. Nf4 Re3+ 84. Kf2 Kxf4 85. h5 Rf3+ 86. Kg2 Rh3 87. h6 Rh4 88. h7 Be4+ 89. Kf2 Rxh7 90. Kg1 Kf3 91. Kf1 Rh1# 0-1

[Event "*** Titled Tuesday Blitz"]
[Site "Chess.com"]
[Date "2021.02.16"]
[Round "5"]
[White "bocah_sakit"]
[Black "Atco84"]
[Result "1-0"]
[WhiteElo "2836"]
[BlackElo "2452"]
[TimeControl "180+1"]
[EndTime "11:00:32 PST"]
[Termination "bocah_sakit won by resignation"]

1. e4 c5 2. Nf3 d6 3. d4 cxd4 4. Nxd4 Nf6 5. Nc3 a6 6. Bg5 e6 7. f4 h6 8. Bh4 Be7 9. Qf3 Qc7 10.
O-O-O Nbd7 11. Bd3 g5 12. e5 gxh4 13. exf6 Nxf6 14.
Rhe1 Bd7 15. f5 e5 16. Nd5 Nxd5 17. Qxd5 O-O-O 18. Nf3 Rdf8 19. Be4 Bc6 20. Qb3 Rhg8 21. Rd2 Rg4 22. Bxc6 Qxc6 23. Re3 Kb8 24. Rc3 Qb5 25. Qxb5 axb5 26. f6 Bxf6 27. Rxd6 Rf4 28. g3 hxg3 29. hxg3 Rf5 30. Kd1 e4 31. Nd4 Rg5 32. Rxf6 Rd8 33. Rxf7 Rxd4+ 34. Ke2 Rc4 35. Rxc4 bxc4 36. Kf2 Ra5 37.
Rf8+ Kc7 38. Rf7+ Kc6 39. Rf6+ Kc7 40. a3 Rb5 41. Ke3 Rxb2 42. c3 Rg2 43. Rg6 h5 44. Kxe4 h4 45. g4 h3 46. Kd5 h2 47. Rh6 Rxg4 48. Rxh2 Kb6 49. Rb2+ Ka6 50. a4 Ka7 51. Rb4 Ka6 52. Rxc4 Rg5+ 53. Kd4 b6 54. Kd3 Ka5 55.
Kc2 Rh5 56. Kb3 Rg5 57. Rd4 Rh5 58. Rd3 Ka6 59. Kb4 Rh1 60. Rd8 Rb1+ 61. Kc4 Kb7 62.
Rd7+ Kc6 63. Rh7 Kd6 64. Rh5 Kc6 65. Rg5 Rb2 66. Rg6+ Kc7 67. Kd5 Rb1 68. Rg7+ Kb8 69. Kc6 Rb2 70. Rb7+ Ka8 71. Rxb6 Rc2 72. Rb3 Ka7 73.
Kb5 Rg2 74. c4 Kb7 75. Rh3 Rb2+ 76. Kc5 Ka6 77. Rh8 Ka7 78. Rh6 Ra2 79. Kb4 Rb2+ 80. Kc3 Rb1 81. a5 Kb7 82. Kd4 Kc7 83. Kc5 Ra1 84.
Rh7+ Kb8 85. Kb6 Rb1+ 86. Kc6 Ka8 87. c5 Kb8 88. a6 Ka8 89. Rg7 Rd1 90. Kb6 Rb1+ 91.
Kc7 Rd1 92. c6 Rb1 93. Rg3 Ka7 94. Kd7 Rd1+ 95. Kc8 Kxa6 96. c7 Rd4 97. Rb3 Ka7 98. Rb5 Ra4 99. Rd5 Rc4 100. Kd8 Kb7 101. Rb5+ Ka6 102.
Rb1 1-0

[Event "*** Titled Tuesday Blitz"]
[Site "Chess.com"]
[Date "2021.02.16"]
[Round "5"]
[White "awesomevishesh"]
[Black "Smile2005"]
[Result "1-0"]
[WhiteElo "2518"]
[BlackElo "2350"]
[TimeControl "180+1"]
[EndTime "11:00:45 PST"]
[Termination "awesomevishesh won by checkmate"]

1. d4 Nf6 2. c4 g6 3. Nc3 Bg7 4. e4 O-O 5. Be2 d6 6. Bg5 h6 7. Be3 e5 8. Nf3 exd4 9. Nxd4 Re8 10. f3 Nc6 11. O-O Nh5 12. f4 Nf6 13. Bf3 Bg4 14.
Nxc6 Bxf3 15. Qxf3 bxc6 16. Rad1 Qe7 17. e5 dxe5 18. fxe5 Qxe5 19. Bd4 Qf5 20. Qxf5 gxf5 21. Rxf5 Ne4 22. Bxg7 Kxg7 23. Nxe4 Rxe4 24. Rc5 Re2 25. Rxc6 Rxb2 26. Rxc7 Re8 27. Rf1 Rxa2 28. Rcxf7+ Kg6 29.
R7f6+ Kg7 30. R6f3 Re7 31. Rc3 h5 32. c5 h4 33. Rc4 Kg6 34. Rxh4 Rc2 35. Rg4+ Kh5 36. h3 Rxc5 37. Rf8 Rh7 38. Ra8 a5 39. Ra4 Rc2 40.
R8xa5+ Kg6 41. Rg4+ Kf6 42. Kh2 Re7 43. Ra3 Ree2 44.
Rf3+ Ke6 45. h4 Ke5 46. h5 Rc6 47. Kh3 Re1 48. Kh4 Rh6 49. Kg5 Rh8 50. Rf5+ Ke6 51. Rgf4 Rg1 52. g4 Rh1 53. Rf6+ Ke5 54. R6f5+ Ke6 55. Re4+ Kd6 56. Rf6+ Kd7 57. Rf7+ Kd6 58. Rf3 Kd5 59. Ref4 Ke5 60. Rf5+ Ke6 61. Re3+ Kd6 62. Kf4 Rg1 63. Rg3 Rf1+ 64. Rf3 Rg1 65. Rf6+ Ke7 66. Kf5 Rg8 67. Re3+ Kd7 68. Re4 Kc7 69. h6 Rh1 70. g5 Kd7 71. Rf7+ Kd6 72. h7 Rh8 73.
Kg6 Rh5 74. Kxh5 Kd5 75. Ref4 Ke5 76. g6 Ke6 77. Kh6 Ke5 78. Rf8 Rxh7+ 79. gxh7 Ke6 80.
Rf1 Ke5 81. R8f2 Kd5 82. Re2 Kd4 83. Rd1+ Kc3 84. Rd8 Kc4 85. Re7 Kc5 86. Rc7+ Kb6 87. Rc1 Kb5 88. Rd2 Ka4 89. Rb2 Ka3 90. Rb8 Ka2 91. Rc6 Ka3 92. Ra6# 1-0

[Event "*** Titled Tuesday Blitz"]
[Site "Chess.com"]
[Date "2021.02.16"]
[Round "6"]
[White "sergiochess83"]
[Black "kingofthenil"]
[Result "1/2-1/2"]
[WhiteElo "2839"]
[BlackElo "2682"]
[TimeControl "180+1"]
[EndTime "11:03:08 PST"]
[Termination "Game drawn by repetition"]

1. e4 Nc6 2. Nf3 d5 3. exd5 Qxd5 4. Nc3 Qh5 5. Be2 Bg4 6. h3 O-O-O 7. O-O Bxh3 8. gxh3 Qxh3 9. Ng5 Qh4 10. Nxf7 Nh6 11.
Nxd8 e6 12. Nxc6 Bd6 13. f4 Qg3+ 14. Kh1 Qh3+ 15. Kg1 Qg3+ 16. Kh1 Qh3+ 17. Kg1 Qg3+ 1/2-1/2

[Event "*** Titled Tuesday Blitz"]
[Site "Chess.com"]
[Date "2021.02.16"]
[Round "6"]
[White "Gulkov_Igor"]
[Black "DenisQ"]
[Result "1/2-1/2"]
[WhiteElo "2472"]
[BlackElo "2647"]
[TimeControl "180+1"]
[EndTime "11:03:34 PST"]
[Termination "Game drawn by agreement"]

1. Nf3 Nf6 2. c4 c6 3. Nc3 d5 4.
d4 e6 5. Bg5 h6 6. Bxf6 Qxf6 7.
e3 Nd7 8. Rc1 g6 9. Bd3 dxc4 10.
Bxc4 Bg7 11. O-O O-O 12. e4 e5 13. d5 Nb6 14. dxc6 bxc6 15. Bb3 Bg4 16. Na4 Rfd8 17. Qe2 h5 18. h3 Bxf3 19. Qxf3 Qxf3 20. gxf3 Rd6 21.
Rc2 1/2-1/2

[Event "*** Titled Tuesday Blitz"]
[Site "Chess.com"]
[Date "2021.02.16"]
[Round "6"]
[White "12teen"]
[Black "seorobert1971"]
[Result "1-0"]
[WhiteElo "2876"]
[BlackElo "2727"]
[TimeControl "180+1"]
[EndTime "11:03:38 PST"]
[Termination "12teen won by resignation"]

1. g3 Nf6 2. Bg2 g6 3. d3 Bg7 4. Nc3 O-O 5. e4 d6 6. f4 e5 7. Nge2 Nc6 8. O-O exf4 9. gxf4 Nh5 10. Ng3 Nxg3 11. hxg3 f5 12. Ne2 Nd4 13. c3 Nxe2+ 14.
Qxe2 c6 15. Be3 fxe4 16. dxe4 Qe7 17. Rad1 Be6 18. a3 a6 19. Rd2 d5 20. exd5 Bxd5 21. Bxd5+ cxd5 22. Qf3 Kh8 23. Rxd5 Rae8 24. Bc5 1-0

[Event "*** Titled Tuesday Blitz"]
[Site "Chess.com"]
[Date "2021.02.16"]
[Round "6"]
[White "picturesquecheck"]
[Black "stolencandy13"]
[Result "0-1"]
[WhiteElo "2234"]
[BlackElo "2479"]
[TimeControl "180+1"]
[EndTime "11:03:40 PST"]
[Termination "stolencandy13 won by resignation"]

1. e4 c6 2. d4 d5 3. Nd2 dxe4 4. Nxe4 Bf5 5. Ng3 Bg6 6. h4 h6 7. Nf3 Nd7 8. h5 Bh7 9. Bd3 Bxd3 10. Qxd3 e6 11.
Bd2 Ngf6 12. O-O-O Be7 13. Kb1 a5 14. Ne4 a4 15. g4 a3 16. b3 Nxe4 17. Qxe4 Nf6 18.
Qe2 Qd5 19. Be3 Qe4 20. Rhg1 Nd5 21. Qd3 Qxf3 0-1

[Event "*** Titled Tuesday Blitz"]
[Site "Chess.com"]
[Date "2021.02.16"]
[Round "6"]
[White "olksuna"]
[Black "alejogarcia1999"]
[Result "1-0"]
[WhiteElo "2688"]
[BlackElo "2500"]
[TimeControl "180+1"]
[EndTime "11:03:43 PST"]
[Termination "olksuna won by resignation"]

1. e4 c5 2. Nf3 e6 3. d4 cxd4 4. Nxd4 Nc6 5. Nc3 Nf6 6. a3 Be7 7. Be2 O-O 8. Be3 d5 9. exd5 Nxd5 10. Nxd5 Qxd5 11. Bf3 Qa5+ 12. b4 Qc7 13. Nxc6 bxc6 14. Qd3 Bb7 15. O-O a5 16. c4 axb4 17. axb4 Bxb4 18.
c5 Ba6 19. Rxa6 Rxa6 20. Qxa6 1-0

[Event "*** Titled Tuesday Blitz"]
[Site "Chess.com"]
[Date "2021.02.16"]
[Round "6"]
[White "Artem_Sadovsky"]
[Black "TeukkaSalama"]
[Result "1-0"]
[WhiteElo "2577"]
[BlackElo "2381"]
[TimeControl "180+1"]
[EndTime "11:03:44 PST"]
[Termination "Artem_Sadovsky won by resignation"]

1. Nf3 Nf6 2. c4 d6 3. b3 a5 4. Bb2 e5 5. e3 Be7 6. Be2 O-O 7. O-O Bd7 8. d4 exd4 9. Nxd4 a4 10. Bf3 axb3 11.
axb3 Rxa1 12. Bxa1 c6 13. Nc3 Re8 14. h3 Qb6 15.
Na4 Qc7 16. Qd3 Na6 17. Rd1 Nc5 18. Nxc5 dxc5 19. Nf5 Bxf5 20. Qxf5 Rd8 21. Rxd8+ Qxd8 22. Bc3 g6 23. Qe5 Qd6 24. Qxd6 Bxd6 25. Bxf6 b5 26. Bxc6 1-0

[Event "*** Titled Tuesday Blitz"]
[Site "Chess.com"]
[Date "2021.02.16"]
[Round "6"]
[White "Grieve72"]
[Black "swisspower96"]
[Result "0-1"]
[WhiteElo "2469"]
[BlackElo "2637"]
[TimeControl "180+1"]
[EndTime "11:03:55 PST"]
[Termination "swisspower96 won by resignation"]

1. d4 Nf6 2. Bg5 d5 3. e3 c5 4.
c3 Nc6 5. Nd2 h6 6. Bh4 e5 7.
dxe5 Nxe5 8. Ngf3 Nxf3+ 9. Nxf3 Be7 10. Be2 O-O 11. O-O Be6 12. Qa4 a6 13. Rad1 b5 14. Qf4 Nh5 15. Bxe7 Nxf4 16. Bxd8 Nxe2+ 17. Kh1 Rfxd8 18. Rd2 d4 19. Rxe2 Bc4 20. Rfe1 Bxe2 21. Rxe2 dxc3 22. bxc3 Rd1+ 23. Ne1 Rad8 24. e4 R8d2 25. Re3 Rxf2 26. Kg1 Rxa2 27. Kf1 Rdd2 28. Nd3 c4 0-1

[Event "*** Titled Tuesday Blitz"]
[Site "Chess.com"]
[Date "2021.02.16"]
[Round "6"]
[White "Chesseyat004"]
[Black "NewBornNow"]
[Result "1-0"]
[WhiteElo "2488"]
[BlackElo "2754"]
[TimeControl "180+1"]
[EndTime "11:04:18 PST"]
[Termination "Chesseyat004 won by checkmate"]

1. e4 c5 2. Nf3 d6 3. d4 cxd4 4. Nxd4 Nf6 5. Nc3 a6 6. Be2 e6 7. Be3 Be7 8. g4 O-O 9. g5 Nfd7 10. Qd2 b5 11. a3 Bb7 12. h4 Nb6 13. f4 N8d7 14. O-O-O Rc8 15. h5 Nc4 16. Bxc4 Rxc4 17. h6 g6 18. b3 Rxc3 19. Qxc3 e5 20. Nc6 Bxc6 21. Qxc6 exf4 22. Bxf4 Bxg5 23. Qxd6 Bxf4+ 24. Qxf4 Qe7 25. Rxd7 Qxd7 26. Qf6 Qd2+ 27. Kxd2 Rd8+ 28. Qxd8# 1-0

[Event "*** Titled Tuesday Blitz"]
[Site "Chess.com"]
[Date "2021.02.16"]
[Round "6"]
[White "FMJoseHerrera"]
[Black "BahadirOzen"]
[Result "1-0"]
[WhiteElo "2604"]
[BlackElo "2742"]
[TimeControl "180+1"]
[EndTime "11:04:22 PST"]
[Termination "FMJoseHerrera won by resignation"]

1. Nf3 g6 2. g3 Bg7 3. Bg2 d6 4.
d3 Nf6 5. Nc3 O-O 6. h4 c5 7. h5 Nxh5 8. Bg5 Nc6 9. Qd2 f5 10.
Bh6 e6 11. O-O-O Bd7 12. Rh4 Bxh6 13. Qxh6 Qf6 14. Rdh1 Rad8 15. g4 fxg4 16. Rxg4 Kh8 17. Ne4 Qg7 18. Rxh5 1-0

[Event "*** Titled Tuesday Blitz"]
[Site "Chess.com"]
[Date "2021.02.16"]
[Round "6"]
[White "vladimirdamjanovic"]
[Black "kamilianin235"]
[Result "1-0"]
[WhiteElo "2539"]
[BlackElo "2191"]
[TimeControl "180+1"]
[EndTime "11:04:24 PST"]
[Termination "vladimirdamjanovic won by resignation"]

1. d4 d5 2. Nc3 Nf6 3. Bf4 Bf5 4. f3 e6 5. g4 Bg6 6. h4 h6 7. e3 Bd6 8. Nh3 Nbd7 9. Bd3 Bxd3 10. Qxd3 Bxf4 11. Nxf4 c5 12. O-O-O Rc8 13. g5 c4 14. Qe2 Ng8 15. g6 Ngf6 16. e4 dxe4 17. gxf7+ Kxf7 18. fxe4 Qa5 19. e5 Nd5 20. Nfxd5 exd5 21. e6+ 1-0

[Event "*** Titled Tuesday Blitz"]
[Site "Chess.com"]
[Date "2021.02.16"]
[Round "6"]
[White "mr65"]
[Black "Nils_03"]
[Result "0-1"]
[WhiteElo "2145"]
[BlackElo "2365"]
[TimeControl "180+1"]
[EndTime "11:04:54 PST"]
[Termination "Nils_03 won by resignation"]

1. e4 c6 2. Nc3 d5 3. Nf3 Bg4 4. h3 Bxf3 5. Qxf3 e6 6. g3 Nf6 7.
Bg2 Bc5 8. O-O O-O 9. d3 Nbd7 10. Bg5 h6 11. Be3 d4 12. Na4 dxe3 13. Nxc5 Nxc5 14. Qxe3 Qb6 15. b3 e5 16. Kh2 Ne6 17. Qd2 Qc7 18. f4 exf4 19. gxf4 Nh5 20. e5 Nhxf4 21. d4 Nxg2 22. Kxg2 Rad8 23. c3 Qxe5 24. Rae1 Qg5+ 25. Qxg5 hxg5 0-1

[Event "*** Titled Tuesday Blitz"]
[Site "Chess.com"]
[Date "2021.02.16"]
[Round "6"]
[White "kekic76"]
[Black "korbul"]
[Result "1/2-1/2"]
[WhiteElo "2401"]
[BlackElo "2589"]
[TimeControl "180+1"]
[EndTime "11:05:02 PST"]
[Termination "Game drawn by agreement"]

1. e4 c5 2. Nf3 e6 3. c4 Nc6 4. d4 cxd4 5. Nxd4 Nf6 6. Nxc6 bxc6 7. Bd3 e5 8. O-O Be7 9. Nc3 O-O 10. h3 d6 11. Be3 Be6 12. b3 g6 13. Rc1 Nh5 14. Qd2 f5 15. f3 f4 16. Bf2 Bh4 17. Rcd1 Qg5 18. Bxh4 Qxh4 19. Qf2 Ng3 20. Ne2 Rf7 21. Nxg3 fxg3 22. Qe2 c5 23. Bc2 Qe7 24. Rd3 Rd8 25. Rfd1 Bc8 26. Qd2 1/2-1/2